 Dungeon Crawl Stone Soup version 0.26.1-2-gb8aa6d0cf2 (webtiles) character file.

Game seed: 2501125470317331103

19 Gabide the Skirmisher (level 2, 0/27 HPs)
             Began as a Palentonga Abyssal Knight on Feb 19, 2021.
             Was a Follower of Lugonu.
             Succumbed to an adder's poison
             ... on level 2 of the Dungeon.
             The game lasted 00:02:28 (1197 turns).

Gabide the Skirmisher (Palentonga Abyssal Knight)   Turns: 1197, Time: 00:02:29

Health: 0/27       AC:  7    Str: 15    XL:     2   Next: 55%
Magic:  3/3        EV:  7    Int: 12    God:    Lugonu [*.....]
Gold:   63         SH:  0    Dex:  9    Spells: 1/1 levels left

rFire    . . .     SeeInvis +   a - +1 mace
rCold    . . .     Faith    .   (no shield)
rNeg     . . .     Spirit   .   e - +0 scale mail
rPois    .         Reflect  .   d - +0 helmet
rElec    .         Harm     .   (no cloak)
rCorr    .         Rampage  .   (no gloves)
Will     .....                  (no barding)
Stlth    ..........             (no amulet)
HPRegen  0.09/turn              (no ring)
MPRegen  0.08/turn              (no ring)

@: lethally poisoned (0 -> -3)
A: large, rugged brown scales 3, see invisible, deformed body, roll 1, armoured
tail
a: Rolling Charge, Renounce Religion, Depart the Abyss


You were on level 2 of the Dungeon.
You worshipped Lugonu.
Lugonu was aware of your devotion.
You visited 1 branch of the dungeon, and saw 2 of its levels.
You visited the Abyss 1 time.

You collected 63 gold pieces.

Inventory:

Hand Weapons
 a - a +1 mace (weapon)
Armour
 b - a +0 leather armour
 d - a +0 helmet (worn)
 e - a +0 scale mail (worn)
Scrolls
 c - a scroll of identify
 f - a scroll of teleportation {unknown}


   Skills:
 + Level 3.5 Fighting
 * Level 2.2 Maces & Flails
 + Level 1.7 Armour
 + Level 0.7 Dodging
 + Level 2.2 Invocations


You had one spell level left.
You didn't know any spells.
Your spell library was empty.

Dungeon Overview and Level Annotations

Branches:
Dungeon (2/15)

Altars:


Innate Abilities, Weirdness & Mutations

You are completely covered in rugged brown scales. (AC +3, +7% HP)
You have supernaturally acute eyesight. (SInv)
Armour fits poorly on your strangely shaped body.
You can roll at nearby foes to attack.
You have a long armoured tail.


Message History

* * * LOW HITPOINT WARNING * * *
You feel sick.
The jackal bites you but does no damage. x2
The jackal barely misses you.
* * * LOW HITPOINT WARNING * * *
You feel sick. The jackal closely misses you. The rat closely misses you.
The jackal bites you but does no damage.
The rat bites you but does no damage.
You barely miss the adder.
Your tail-slap misses the adder.
The adder is heavily wounded.
The jackal bites you but does no damage.
The adder bites you.
* * * LOW HITPOINT WARNING * * *
The rat bites you but does no damage.
The jackal bites you but does no damage.
The adder bites you but does no damage.
You are too injured to fight recklessly!
You completely miss the adder.
Your tail-slap misses the adder.
The adder is heavily wounded.
You die...

.........# #......#
#.#
.........#####......#
#.#
.............#......#
#.#
.............#......#
#.#
######.......#......#
#.# #.......#......#
#.. #......h#......#
### #....hrh#......#
#.....S@#......#
################


You could see an adder, 3 jackals and a rat.

Vanquished Creatures
  3 leopard geckos (D:1)
  3 goblins
  A jackal (D:1)
  2 bats (D:1)
  5 frilled lizards
  3 rats
17 creatures vanquished.

Notes
Turn   | Place    | Note
-------+----------+-------------------------------------------
     0 | Abyss:1  | Gabide the Palentonga Abyssal Knight began the quest for
                  | the Orb.
     0 | Abyss:1  | Reached XP level 1. HP: 20/20 MP: 2/2
    38 | Abyss:1  | Noticed a large abomination
    39 | D:1      | Escaped the Abyss
   107 | D:1      | Reached * piety under Lugonu
   264 | D:1      | Reached XP level 2. HP: 23/27 MP: 3/3
  1194 | D:2      | HP: 1/27 [poisoned by an adder]
  1197 | D:2      | Succumbed to an adder's poison

Illustrated notes

Levels and vault maps discovered:
D:1:      dpeg_arrival_brainrot, layout_loops_ring, hangedman_decor_growths
D:2:      layout_basic, ashenzari_altar_1

Action                   || total
-------------------------++-------
Melee: Mace              ||    57
       Tailslap          ||     2
Invok: Depart the Abyss  ||     1
 Abil: Rolling Charge    ||    14
  Use: Scroll            ||     1
Armor: Leather armour    ||    12
       Scale mail        ||    40
Dodge: Dodged            ||    50
